 Dungeon Crawl Stone Soup version 0.28.0-45-g0d030f2227 (webtiles) character file.

Game seed: 13823977405614809865

7 protoss039 the Digger (level 2, -1/15 HPs)
             Began as a Gargoyle Earth Elementalist on May 9, 2022.
             Slain by Terence
             ... wielding a +4 vorpal hand axe
              (5 damage)
             ... on level 1 of the Dungeon.
             The game lasted 00:01:08 (1265 turns).

protoss039 the Digger (Gargoyle Earth Elementalist) Turns: 1265, Time: 00:01:08

Health: -1/15      AC:  5    Str: 11    XL:     2   Next: 4%
Magic:  0/5        EV: 11    Int: 15    God:
Gold:   23         SH:  0    Dex: 10    Spells: 4/5 levels left

rFire   . . .      SeeInvis .   g - +0 whip
rCold   . . .      Faith    .   (no shield)
rNeg    + . .      Spirit   +   h - +0 leather armour
rPois   ∞          Reflect  .   (no helmet)
rElec   +          Harm     .   (no cloak)
rCorr   .          Rampage  .   (no gloves)
Will    .....                   (no boots)
Stlth   ++........              f - amulet of guardian spirit
HPRegen 0.05/turn               (no ring)
MPRegen 0.09/turn               (no ring)

@: no status effects
A: sickness immunity, AC +2, negative energy resistance 1, electricity
resistance, torment resistance 1, petrification resistance
a: no special abilities


You were on level 1 of the Dungeon.
You visited 1 branch of the dungeon, and saw 2 of its levels.

You collected 23 gold pieces.

Inventory:

Hand Weapons
 g - a +0 whip (weapon)
Missiles
 c - 16 stones
Armour
 h - a +0 leather armour (worn)
Jewellery
 f - an amulet of guardian spirit (around neck)
Scrolls
 a - a scroll of identify {unknown}
 d - 2 scrolls of teleportation {unknown}
Potions
 e - a potion of haste {unknown}


   Skills:
 - Level 1.5 Dodging
 - Level 2.1 Stealth
 + Level 2.2 Spellcasting
 - Level 1.0 Transmutations
 + Level 3.9 Earth Magic


You had 4 spell levels left.
You knew the following spells:

 Your Spells              Type           Power      Damage    Failure   Level
a - Sandblast             Erth           26%        2d8       5%          1

Your spell library contained the following spells:

 Spells                   Type           Power      Damage    Failure   Level
 Passwall                 Tmut/Erth      7%         N/A       16%         2
 Stone Arrow              Conj/Erth      14%        3d7       36%         3
 Petrify                  Tmut/Erth      9%         N/A       71%         4


Dungeon Overview and Level Annotations

Branches:
Dungeon (2/15)

Altars:

Annotations:
D:1 Terence


Innate Abilities, Weirdness & Mutations

You are immune to sickness and miasma.
Your stone body is resilient. (AC +2)
You are immune to poison.
You resist negative energy. (rN+)
You are resistant to electric shocks. (rElec)
You are resistant to unholy torment.
You are immune to petrification.


Message History

Aim: Terence, wielding a +4 vorpal hand axe and wearing a +0 scale mail (lightly wounded, 82% to hit)
The blast of sand hits Terence.
Terence is lightly wounded.
Terence closely misses you.
Casting: Sandblast (safe; 5% risk of failure)
Confirm with . or Enter, or press ? or * to list all spells.
Aiming: Sandblast (safe; 5% risk of failure)
Press: ? - help, Shift-Dir - straight line, f/p - Terence
Aim: Terence, wielding a +4 vorpal hand axe and wearing a +0 scale mail (lightly wounded, 82% to hit)
The blast of sand hits Terence!
Terence is severely wounded.
Terence barely misses you.
Casting: Sandblast (safe; 5% risk of failure)
Confirm with . or Enter, or press ? or * to list all spells.
You don't have enough magic to cast this spell.
Unknown command.
Unknown command.
You hit Terence.
Terence is severely wounded.
Terence hits you with a +4 vorpal hand axe.
You barely miss Terence.
Terence is severely wounded.
Terence hits you with a +4 vorpal hand axe.
* * * LOW HITPOINT WARNING * * *
x2 Unknown command.
Unknown command.
Terence closely misses you.
Terence is nearby!
Terence screams, "I'm going to kill you!"
Terence asks, "Do you want it fast or slow?"
Terence says, "Did you write a will?
You should..."
Terence says, "Don't bother to defend, it's senseless."
There is a stone staircase leading up here.
You see here a +0 robe.
Unknown command.
You climb upwards.
There is a stone staircase leading down here.
Unknown command.
Terence hits you with a +4 vorpal hand axe!
You die...

.# #.# #.#.#.## # .# #.# #.#.#.#
# .#########.###.#.#.# #
...................# #
.....####.##.###.################
####.# #....# #............##...
# #.# ####.###.#########....... #
#.# #.....# #...#.#. # #.#
#####@#### #....... # #.# #.@..#
#.#.#.#. # #.#### ####.# #.#.....
# #....# #.# #....... # ####.#
#.# #####.## # #.# #.# #... # #.#
#.# #†.. # #.# #.# #... # #.#
#.###########..


You could see Terence.

Vanquished Creatures
  2 giant cockroaches (D:1)
  A hobgoblin (D:1)
  A quokka (D:1)
  2 frilled lizards (D:1)
  A kobold (D:1)
7 creatures vanquished.

Notes
Turn   | Place    | Note
-------+----------+-------------------------------------------
     0 | D:1      | protoss039 the Gargoyle Earth Elementalist began the quest
                  | for the Orb.
     0 | D:1      | Reached XP level 1. HP: 10/10 MP: 3/3
   229 | D:1      | Reached skill level 1 in Transmutations
   916 | D:1      | Reached XP level 2. HP: 15/15 MP: 3/5
  1216 | D:2      | Noticed Terence
  1265 | D:1      | Slain by Terence

Illustrated notes

Levels and vault maps discovered:
D:1:      denvon_arrival_planthouse, layout_loops_ring, minmay_tetromino_o2
D:2:      layout_basic, nrook_uturn, kennysheep_minor_cross, uniq_robin,
          uniq_terence

Skill      XL: |  1 |
---------------+----+-----
Transmutations | 1 |  1.0
Dodging        | |  1.5
Stealth        | |  2.1
Spellcasting   | |  2.2
Earth Magic    | |  3.9

Action                   || total
-------------------------++-------
Melee: Unarmed           ||    27
       Whip              ||     4
       Punch             ||     1
 Cast: Sandblast         ||    14
 Stab: Sleeping          ||     2
Armor: Robe              ||    11
Dodge: Dodged            ||    24
